 Dungeon Crawl Stone Soup version 0.30.1-3-gfc49f6343a (webtiles) character file.

Game seed: 8572665664371743875

46 shmup the Firebug (level 3, -8/19 HPs)
             Began as a Tengu Fire Elementalist on Aug 1, 2023.
             Mangled by a gnoll
             ... wielding a +0 halberd
              (9 damage)
             ... on level 2 of the Dungeon.
             The game lasted 00:02:43 (1059 turns).

shmup the Firebug (Tengu Fire Elementalist)         Turns: 1059, Time: 00:02:44

Health: -8/19      AC:  2    Str:  8    XL:     3   Next: 66%
Magic:  2/7        EV: 12    Int: 17    God:
Gold:   63         SH:  0    Dex: 14    Spells: 3/6 levels left

rFire   . . .        e - +0 dagger (elec)
rCold   . . .        (no shield)
rNeg    . . .        a - +0 robe
rPois   .            (helmet restricted)
rElec   .            (no cloak)
rCorr   .            (no gloves)
SInv    .            (boots unavailable)
Will    .....        (no amulet)
Stlth   ++           (no ring)
HPRegen 0.23/turn    (no ring)
MPRegen 0.10/turn

%: no passive effects
@: mighty
A: beak, talons 3
a: no special abilities


You were on level 2 of the Dungeon.
You visited 1 branch of the dungeon, and saw 2 of its levels.

You collected 63 gold pieces.

Inventory:

Hand Weapons
 e - a +0 dagger of electrocution (weapon)
Missiles
 g - 4 stones (quivered)
Armour
 a - a +0 robe (worn)
Jewellery
 f - a +4 ring of protection
Scrolls
 d - 4 scrolls of identify {unknown}
 h - a scroll of fear {unknown}
 j - a scroll of noise {unknown}
 k - a scroll of teleportation {unknown}
Potions
 b - a potion of magic
 c - a potion of might
 i - a potion of attraction {unknown}
 l - a potion of cancellation {unknown}


   Skills:
 - Level 2.1 Dodging
 - Level 2.0 Stealth
 - Level 2.0 Spellcasting
 + Level 2.7 Conjurations
 * Level 4.5 Fire Magic


You had 3 spell levels left.
You knew the following spells:

 Your Spells              Type           Power      Damage    Failure   Level
a - Foxfire               Conj/Fire      56%        2x1d6     4%          1
b - Scorch                Fire           34%        2d6       4%          2

Your spell library contained the following spells:

 Spells                   Type           Power      Damage    Failure   Level
 Inner Flame              Hex/Fire       9%         N/A       22%         3
 Volatile Blastmotes      Fire/Tloc      18%        2d11      22%         3
 Flame Wave               Conj/Fire      14%        2d6       41%         4


Dungeon Overview and Level Annotations

Branches:
Dungeon (2/15) Zot: 10940

Altars:


Innate Abilities, Weirdness & Mutations

You have a beak for a mouth.
You have claws for feet.


Message History

The foxfire hits the gnoll.
The gnoll is lightly wounded.
Casting: Foxfire (safe; 4% risk of failure)
Confirm with . or Enter, or press ? or * to list all spells.
You conjure some foxfire!
The foxfire hits the gnoll.
The gnoll is moderately wounded.
The foxfire hits the gnoll.
The gnoll is severely wounded.
Casting: Foxfire (safe; 4% risk of failure)
Confirm with . or Enter, or press ? or * to list all spells.
Flames lash the gnoll.
The gnoll is almost dead.
The gnoll's fire resistance burns away.
You hear a shout!
A gnoll comes into view. It is wielding a +0 flail.
You closely miss the gnoll.
The gnoll is almost dead.
You hit the gnoll but do no damage.
The gnoll is severely wounded.
The gnoll hits you with a +0 flail!
Ouch! That really hurt!
* * * LOW HITPOINT WARNING * * *
The gnoll hits you from afar with a +0 halberd.
* * * LOW HITPOINT WARNING * * *
The gnoll is no longer more vulnerable to fire.
The gnoll hits you with a +0 flail.
* * * LOW HITPOINT WARNING * * *
Unknown command.
The gnoll attacks as you move away! The gnoll closely misses you.
Casting: Scorch (safe; 4% risk of failure)
Confirm with . or Enter, or press ? or * to list all spells.
Flames lash the gnoll.
You kill the gnoll!
The gnoll barely misses you.
Unknown command.
It was a potion of might.
You feel very mighty all of a sudden.
The gnoll hits you from afar with a +0 halberd!
You die...

..▒▒▒▒.▒ ▒....▒.▒▒▒▒......▒▒.
.......▒ ▒....▒...▒▒......▒▒.
..▒▒▒▒▒▒▒▒▒▒▒▒....▒▒▒.▒▒......▒▒.
..............................>▒▒
▒▒..▒▒▒▒▒▒▒▒...................%%
.%.▒...▒▒▒▒▒....▒▒▒▒▒▒▒▒.......▒▒
▒▒.▒.▒..........▒ ▒.........
.#..............▒▒▒▒ ▒.......▒▒
.%..............Qgg▒▒▒▒▒▒▒▒▒▒▒.▒
...▒.....▒▒.▒.....)......▒ ▒.▒
...▒▒▒▒▒.▒▒.▒.▒▒▒▒..▒▒▒▒.▒ ▒.▒
...▒ ▒.▒▒.▒....▒▒..▒▒▒.▒ ... ▒..▒
▒.▒▒.▒▒▒▒......<▒.▒ .▒ ▒..▒
▒.........▒▒▒▒▒.▒.▒▒ ▒..▒
▒▒▒▒.▒▒▒▒.▒ ▒....▒▒▒ ▒... ..▒ ▒.▒
▒▒▒▒▒....▒ ▒▒▒ ▒.▒ ▒..g...▒.▒


You could see 2 gnolls.

Vanquished Creatures
  A gnoll (D:2)
  An adder (D:2)
  2 ball pythons
  2 endoplasms
  A giant cockroach (D:1)
  3 goblins
  4 hobgoblins
  A quokka (D:1)
  3 bats
  2 frilled lizards (D:1)
  4 kobolds (D:1)
  A rat (D:1)
25 creatures vanquished.

Vanquished Creatures (others)
  41 foxfires
41 creatures vanquished.

Grand Total: 66 creatures vanquished

Notes
Turn   | Place    | Note
-------+----------+-------------------------------------------
     0 | D:1      | shmup the Tengu Fire Elementalist began the quest for the
                  | Orb.
     0 | D:1      | Reached XP level 1. HP: 10/10 MP: 4/4
   300 | D:1      | Reached XP level 2. HP: 13/15 MP: 1/6
   310 | D:1      | Learned a level 2 spell: Scorch
   586 | D:1      | Reached skill level 4 in Fire Magic
   678 | D:1      | You fall into a shaft and drop 1 floor!
   724 | D:2      | Reached XP level 3. HP: 19/19 MP: 2/7
  1059 | D:2      | Mangled by a gnoll

Illustrated notes

Levels and vault maps discovered:
D:1:      elethiomel_arrival_shortcut, layout_loops_ring
D:2:      layout_basic

Skill      XL: |  1  2 |
---------------+-------+-----
Conjurations   | 2 |  2.7
Fire Magic     | 4 |  4.5
Dodging        | |  2.1
Stealth        | |  2.0
Spellcasting   | |  2.0

Action                     || total
---------------------------++-------
  Melee: Dagger            ||    14
         Peck              ||     4
         Kick              ||     2
         Unarmed           ||     1
   Cast: Foxfire           ||    28
         Scorch            ||     5
    Use: Potion            ||     1
  Dodge: Dodged            ||     8
